 Dungeon Crawl Stone Soup version 0.28-a0-1510-gd0f6b136d3 (webtiles) character file.

Game seed: 7040838932990353621

550 sanka the Cruncher (level 7, -6/52 HPs)
             Began as a Gnoll Wanderer on Jan 15, 2022.
             Mangled by Edmund (8 damage)
             ... on level 4 of the Dungeon.
             The game lasted 00:03:56 (3021 turns).

sanka the Cruncher (Gnoll Wanderer)                 Turns: 3021, Time: 00:03:56

Health: -6/52      AC:  6    Str:  9    XL:     7   Next: 29%
Magic:  12/12      EV: 12    Int: 10    God:
Gold:   160        SH:  0    Dex: 17    Spells: 13/13 levels left

rFire   + . .      SeeInvis .   a - +2 quarterstaff
rCold   . . .      Faith    .   (shield currently unavailable)
rNeg    . . .      Spirit   .   o - +2 robe of Duty {rF+}
rPois   +          Reflect  .   (no helmet)
rElec   .          Harm     .   r - +0 cloak
rCorr   .          Rampage  .   p - +0 pair of gloves
Will    .....                   (no boots)
Stlth   ++........              (no amulet)
HPRegen 0.17/turn               i - ring of poison resistance
MPRegen 0.13/turn               f - +4 ring of slaying

@: no status effects
A: fangs 1, strong nose, distributed training
a: no special abilities


You were on level 4 of the Dungeon.
You visited 1 branch of the dungeon, and saw 4 of its levels.

You collected 160 gold pieces.


Innate Abilities, Weirdness & Mutations

You have very sharp teeth.
Your uncanny sense of smell can sniff out nearby items.
Your experience applies equally to all skills.


   Skills:
 + Level 3.5 Fighting
 + Level 2.3 Short Blades
 + Level 2.3 Long Blades
 + Level 2.3 Axes
 + Level 2.3 Maces & Flails
 + Level 2.3 Polearms
 + Level 10.7 Staves
 + Level 2.3 Slings
 + Level 2.3 Bows
 + Level 2.3 Crossbows
 + Level 2.3 Throwing
 + Level 3.5 Armour
 + Level 2.3 Dodging
 + Level 2.3 Stealth
 + Level 2.3 Shields
 + Level 2.3 Unarmed Combat
 + Level 3.7 Spellcasting
 + Level 1.9 Conjurations
 + Level 1.9 Hexes
 + Level 1.9 Summonings
 + Level 1.9 Necromancy
 + Level 1.9 Translocations
 + Level 1.9 Transmutations
 + Level 1.9 Fire Magic
 + Level 1.9 Ice Magic
 + Level 1.9 Air Magic
 + Level 1.9 Earth Magic
 + Level 1.9 Poison Magic
 + Level 2.6 Invocations
 + Level 5.2 Evocations


You had 13 spell levels left.
You didn't know any spells.
Your spell library was empty.

Inventory:

Hand Weapons
 a - a +2 quarterstaff (weapon)
Armour
 o - the +2 robe of Duty (worn) {rF+} rF: It protects you from fire.
 p - a +0 pair of gloves (worn)
 r - a +0 cloak (worn)
Magical Staves
 n - a staff of conjuration {!a}
Jewellery
 f - a +4 ring of slaying (right hand)
 i - a ring of poison resistance (left hand)
 v - a +6 ring of intelligence
Scrolls
 d - a scroll of torment {unknown}
 e - a scroll of enchant weapon {unknown}
 h - 2 scrolls of teleportation {unknown}
 k - a scroll of brand weapon {unknown}
 l - a scroll of immolation {unknown}
 m - 2 scrolls of identify {unknown}
 s - a scroll of amnesia {unknown}
Potions
 b - 3 potions of curing {@q1}
 g - a potion of cancellation {unknown}
 j - a potion of lignification {unknown}
 q - a potion of attraction {unknown}
 t - a potion of heal wounds {unknown}
 u - 2 potions of degeneration {unknown}
Miscellaneous
 c - a piece from Xom's chessboard (15/15) (quivered)

Dungeon Overview and Level Annotations

Branches:
Dungeon (4/15)
 Temple: D:4-7

Altars:
Makhleb

Annotations:
D:4 Edmund

.▒ ▒...▒▒ .▒ ▒....▒▒
.▒▒▒▒▒▒....▒▒▒
▒▒..▒▒▒▒▒....▒▒ ▒▒
..............▒ .▒
........▒▒....▒▒▒▒.▒
.............▒.....▒
..÷............▒.▒.▒∆
................g@.▒.
...)...........▒.▒...▒.▒
........................
▒▒...................▒.▒
▒............▒..........
▒▒.........▒......▒.....
▒▒▒.......▒..▒▒..▒.▒▒▒▒
▒ .....▒...▒▒......▒▒
▒▒▒....▒...▒......▒▒


You could see Edmund.


Message History

You bite Edmund, but do no damage.
Edmund is lightly wounded.
Edmund barely misses you.
Unknown command.
You hit Edmund but do no damage. Your bite misses Edmund.
Edmund is lightly wounded.
Edmund hits you with a +2 dire flail of protection.
* * * LOW HITPOINT WARNING * * *
Unknown command.
You closely miss Edmund.
Edmund is lightly wounded.
You hit Edmund but do no damage.
Edmund is lightly wounded.
Edmund misses you.
You hit Edmund but do no damage.
Edmund is lightly wounded.
Edmund hits you with a +2 dire flail of protection!
* * * LOW HITPOINT WARNING * * *
You hit Edmund but do no damage. You bite Edmund, but do no damage.
Edmund is lightly wounded.
Edmund hits you with a +2 dire flail of protection!
* * * LOW HITPOINT WARNING * * *
You hit Edmund but do no damage.
Edmund is lightly wounded.
You hit Edmund but do no damage.
Edmund is lightly wounded.
Edmund hits you with a +2 dire flail of protection!
You die...

Action                   |  1- 3 |  4- 6 |  7- 9 || total
-------------------------+-------+-------+-------++-------
Melee: Quarterstaff      |    67 |   104 |    16 ||   187
       Bite              |     6 |     8 |     3 ||    17
 Stab: Sleeping          |     2 |     4 |       ||     6
Armor: Robe              |     8 |    28 |     2 ||    38
Dodge: Dodged            |    35 |    56 |     5 ||    96

Levels and vault maps discovered:
D:1:      minmay_arrival_up_and_down, layout_rooms,
          ebering_ecumenical_altar_petrified, minmay_tetromino_o2
D:2:      layout_loops_ring
D:3:      layout_basic, nicolae_overflow_hidden_temple, grunt_ministairs_15,
          uniq_natasha
D:4:      layout_cave_pools, serial_glass, glass_columns_b, glass_columns_b,
          glass_columns_a, glass_columns_a, glass_columns_b, glass_columns_a,
          uniq_edmund

Notes
Turn   | Place    | Note
-------+----------+-------------------------------------------
     0 | D:1      | Reached skill level 10 in Staves
     0 | D:1      | sanka the Gnoll Wanderer began the quest for the Orb.
     0 | D:1      | sanka set off with the following items: a +2 quarterstaff,
                  | a potion of curing {@q1}, a piece from Xom's chessboard
                  | (15/15), a +0 robe
     0 | D:1      | Reached XP level 1. HP: 17/17 MP: 4/4
    32 | D:1      | Found a faded altar of an unknown god.
    60 | D:1      | Reached XP level 2. HP: 13/23 MP: 5/5
   777 | D:2      | Reached XP level 3. HP: 28/28 MP: 7/7
   838 | D:2      | Reached skill level 1 in Invocations
  1338 | D:2      | Identified the +2 robe of Duty {rF+}
  1382 | D:3      | Reached skill level 1 in Short Blades
  1382 | D:3      | Reached skill level 1 in Long Blades
  1382 | D:3      | Reached skill level 1 in Axes
  1382 | D:3      | Reached skill level 1 in Maces & Flails
  1382 | D:3      | Reached skill level 1 in Polearms
  1382 | D:3      | Reached skill level 1 in Slings
  1382 | D:3      | Reached skill level 1 in Bows
  1382 | D:3      | Reached skill level 1 in Crossbows
  1382 | D:3      | Reached skill level 1 in Throwing
  1382 | D:3      | Reached skill level 1 in Dodging
  1382 | D:3      | Reached skill level 1 in Stealth
  1382 | D:3      | Reached skill level 1 in Shields
  1382 | D:3      | Reached skill level 1 in Unarmed Combat
  1387 | D:3      | Noticed Natasha
  1395 | D:3      | Killed Natasha
  1396 | D:3      | Reached skill level 3 in Spellcasting
  1396 | D:3      | Reached XP level 4. HP: 32/34 MP: 8/8
  1457 | D:3      | Noticed Natasha
  1467 | D:3      | Killed Natasha
  1468 | D:3      | Reached skill level 1 in Conjurations
  1468 | D:3      | Reached skill level 1 in Hexes
  1468 | D:3      | Reached skill level 1 in Summonings
  1468 | D:3      | Reached skill level 1 in Necromancy
  1468 | D:3      | Reached skill level 1 in Translocations
  1468 | D:3      | Reached skill level 1 in Transmutations
  1468 | D:3      | Reached skill level 1 in Fire Magic
  1468 | D:3      | Reached skill level 1 in Ice Magic
  1468 | D:3      | Reached skill level 1 in Air Magic
  1468 | D:3      | Reached skill level 1 in Earth Magic
  1468 | D:3      | Reached skill level 1 in Poison Magic
  1620 | D:3      | Found a burning altar of Makhleb.
  1719 | D:3      | Reached XP level 5. HP: 40/40 MP: 9/9
  1789 | D:3      | Noticed Natasha
  1796 | D:3      | Killed Natasha
  1797 | D:3      | Reached skill level 3 in Fighting
  1797 | D:3      | Reached skill level 3 in Armour
  2304 | D:4      | Reached skill level 2 in Invocations
  2304 | D:4      | Reached XP level 6. HP: 47/47 MP: 9/11
  2453 | D:4      | Reached skill level 2 in Short Blades
  2453 | D:4      | Reached skill level 2 in Long Blades
  2453 | D:4      | Reached skill level 2 in Axes
  2453 | D:4      | Reached skill level 2 in Maces & Flails
  2453 | D:4      | Reached skill level 2 in Polearms
  2453 | D:4      | Reached skill level 2 in Slings
  2453 | D:4      | Reached skill level 2 in Bows
  2453 | D:4      | Reached skill level 2 in Crossbows
  2453 | D:4      | Reached skill level 2 in Throwing
  2453 | D:4      | Reached skill level 2 in Dodging
  2453 | D:4      | Reached skill level 2 in Stealth
  2453 | D:4      | Reached skill level 2 in Shields
  2453 | D:4      | Reached skill level 2 in Unarmed Combat
  2453 | D:4      | Reached skill level 5 in Evocations
  2692 | D:4      | Noticed Edmund
  2713 | D:4      | Noticed a wyvern
  2720 | D:4      | Killed a wyvern
  2721 | D:4      | Reached XP level 7. HP: 34/52 MP: 12/12
  3019 | D:4      | HP: 2/52 [Edmund (15)]
  3021 | D:4      | Mangled by Edmund

Vanquished Creatures
  A wyvern (D:4)
  A scorpion (D:4)
  A water moccasin skeleton (D:4)
  An orc priest (D:4)
  A hound (D:4)
  A centaur skeleton (D:4)
  Natasha (thrice) (D:3)
  A hound skeleton (D:3)
  4 adders
  3 gnolls (D:4)
  A worm (D:4)
  2 dart slugs
  4 orcs (D:3)
  7 bats
  3 endoplasms
  4 giant cockroaches
  2 goblins
  3 hobgoblins (D:1)
  6 jackals
  3 quokkas (D:1)
  6 ball pythons
  2 frilled lizards
  5 kobolds
  4 rats
69 creatures vanquished.
